 Dungeon Crawl Stone Soup version 0.31.0-11-ge490571c62 (webtiles) character file.

Game seed: 18097824019418587296

64 qw the Shooter (level 3, 0/20 HPs)
             Began as a Deep Elf Hunter on Feb 5, 2024.
             Constricted to death by a ball python (1 damage)
             ... on level 2 of the Dungeon.
             The game lasted 00:00:31 (1048 turns).

qw the Shooter (Deep Elf Hunter)                    Turns: 1048, Time: 00:00:32

Health: 0/20       AC:  5    Str: 10    XL:     3   Next: 91%
Magic:  5/5        EV:  9    Int: 13    God:
Gold:   29         SH:  0    Dex: 18    Spells: 2/2 levels left

rFire   . . .        a - +0 shortbow
rCold   . . .        (shield currently unavailable)
rNeg    . . .        c - +0 leather armour
rPois   .            (no helmet)
rElec   .            (no cloak)
rCorr   .            (no gloves)
SInv    .            h - +1 pair of boots
Will    .....        (no amulet)
Stlth   ++           (no ring)
HPRegen 0.23/turn    (no ring)
MPRegen 0.09/turn

%: no passive effects
@: constricted
A: no striking features
a: no special abilities


You were on level 2 of the Dungeon.
You visited 1 branch of the dungeon, and saw 2 of its levels.

You collected 87 gold pieces.
You spent 58 gold pieces at shops.


   Skills:
 - Level 1.5 Fighting
 + Level 7.3 Ranged Weapons
 - Level 2.4 Dodging
 - Level 1.2 Stealth


You had 2 spell levels left.
You didn't know any spells.
Your spell library was empty.

Inventory:

Hand Weapons
 a - a +0 shortbow (weapon)
Armour
 c - a +0 leather armour (worn)
 h - a +1 pair of boots (worn)
Potions
 b - 2 potions of enlightenment {unknown}
 d - a potion of ambrosia {unknown}
 e - a potion of mutation {unknown}
 f - a potion of attraction {unknown}
 i - 2 potions of curing

Dungeon Overview and Level Annotations

Branches:
Dungeon (2/15)

Altars:

Shops:
D:1 [


Message History

The gnoll hits you from afar with a +0 spear.
You shoot an arrow. The arrow completely misses the gnoll.
The arrow hits the ball python.
The ball python is heavily wounded.
The gnoll hits you from afar with a +0 spear.
You shoot an arrow. The arrow hits the gnoll!
You kill the gnoll!
The gnoll hits you from afar with a +0 spear.
You shoot an arrow. The arrow hits the gnoll!
The gnoll is severely wounded.
The gnoll hits you from afar with a +0 spear.
You shoot an arrow. The arrow hits the gnoll!
You kill the gnoll!
You shoot an arrow.
The arrow hits the ball python but does no damage.
The ball python is heavily wounded.
The ball python misses you. The ball python closely misses you.
You shoot an arrow.
The arrow barely misses the ball python.
The arrow barely misses the quokka.
The arrow hits the gnoll.
The gnoll is moderately wounded.
The ball python bites you but does no damage.
The ball python grabs you. The ball python constricts you.
You shoot an arrow.
The arrow closely misses the ball python.
The arrow misses the quokka.
The arrow barely misses the gnoll.
The ball python closely misses you. The ball python constricts you.
You shoot an arrow.
The arrow closely misses the ball python.
The arrow hits the quokka.
The quokka is moderately wounded.
The ball python closely misses you. The ball python constricts you.
The ball python bites you but does no damage.
The ball python constricts you.
You shoot an arrow.
The arrow closely misses the ball python.
The arrow barely misses the quokka.
The arrow hits the gnoll.
The gnoll is moderately wounded.
The ball python closely misses you. The ball python constricts you.
You die...

#..#..######
#.##.#........... #.
#.##.##.#........ .
#.....<...#..#### .#
#.##..#.#?#%.# ##g
#.##.##.##...# ..
#....##.##...# .# .##
#.##.##.##...###g#%....
#.##..#.#....@Srg.#
#........#...###g......
.######.###.##.##
....... ........#
#.##.# .######
######..###.##.####.#
#.%%...........#
#.........#####..
######........ .
#########


You could see 2 gnolls, a quokka, a hobgoblin and a ball python.

Vanquished Creatures
  2 gnolls (D:2)
  2 dart slugs (D:1)
  3 bats (D:1)
  4 endoplasms
  A giant cockroach (D:1)
  3 goblins
  A hobgoblin (D:1)
  5 jackals (D:1)
  5 quokkas
  2 ball pythons (D:1)
  5 frilled lizards
  2 kobolds (D:1)
  4 rats
39 creatures vanquished.

Notes
Turn   | Place    | Note
-------+----------+-------------------------------------------
     0 | D:1      | qw the Deep Elf Hunter began the quest for the Orb.
     0 | D:1      | Reached XP level 1. HP: 12/12 MP: 3/3
     0 | D:1      | 0 ||| qw: Version: 0.3-a-160-g6735b56
     0 | D:1      | 0 ||| qw: Game counter: 6459
     0 | D:1      | 0 ||| qw: Melee chars always use a shield: true
     0 | D:1      | 0 ||| qw: God list: Okawaru
     0 | D:1      | 0 ||| qw: Allow faded altars: false
     0 | D:1      | 0 ||| qw: Do Orc after clearing Dungeon:15 true
     0 | D:1      | 0 ||| qw: Do second Lair branch before Depths: true
     0 | D:1      | 0 ||| qw: Lair rune preference: random
     0 | D:1      | 0 ||| qw: Goals: Normal
     0 | D:1      | 0 ||| PLANNING D:1-11
   103 | D:1      | You fall into a shaft and drop 1 floor!
   119 | D:2      | Reached skill level 6 in Ranged Weapons
   119 | D:2      | Reached XP level 2. HP: 10/16 MP: 4/4
   183 | D:2      | 183 ||| READING scroll labelled NYFUTHR DAUFF.
   284 | D:2      | 284 ||| DROPPING scroll of butterflies.
   497 | D:1      | Found Doejedy's Armour Shop.
   505 | D:1      | 505 ||| BUYING +0 pair of boots (58 gold).
   505 | D:1      | Bought a +0 pair of boots for 58 gold pieces
   505 | D:1      | 505 ||| SHOPLISTING +0 ring mail (52 gold, have 15).
   607 | D:1      | Reached XP level 3. HP: 20/20 MP: 5/5
   796 | D:1      | Found a faded altar of an unknown god.
   976 | D:1      | 976 ||| UPGRADING to +0 pair of boots.
   981 | D:1      | 981 ||| READING scroll labelled BORGHU FASH.
   981 | D:1      | 981 ||| ENCHANTING +0 pair of boots.
   982 | D:1      | 982 ||| DRINKING 3 cyan potions.
  1032 | D:2      | Reached skill level 7 in Ranged Weapons
  1033 | D:2      | 1033 ||| RETREEEEATING.
  1034 | D:2      | 1034 ||| RETREEEEATING.
  1040 | D:2      | HP: 2/20 [gnoll/+0 spear (4)]
  1047 | D:2      | HP: 1/20 [constriction (1)]
  1048 | D:2      | Constricted to death by a ball python

Levels and vault maps discovered:
D:1:      spicycebolla_arrival_xxxplode, layout_basic,
          shapermc_ecumenical_altar_hornbeckon, serial_shops, shop, hex_tiny
D:2:      layout_loops_ring, basic_altar, hangedman_decor_clover_reticule,
          minmay_small_reverse_x

Skill      XL: |  1  2  3 |
---------------+----------+-----
Ranged Weapons | 6 7 |  7.3
Fighting       | |  1.5
Dodging        | |  2.4
Stealth        | |  1.2

Action                     || total
---------------------------++-------
   Fire: Shortbow          ||   121
    Use: Scroll            ||     2
         Potion            ||     1
 Armour: Leather armour    ||    45
  Dodge: Dodged            ||    43

Table legend:
 A = Non-vault XP
 B = Vault XP
 C = Vault XP percentage of total XP
 D = Non-vault monster count
 E = Vault monster count
 F = Vault count percentage of total count
                 A         B        C        D         E       F
            +---------+---------+-------+---------+---------+-------
      Total |      90 |       2 |   2.2 |      38 |       1 |   2.6
            +---------+---------+-------+---------+---------+-------
        D:1 |      54 |       0 |   0.0 |      31 |       0 |   0.0
        D:2 |      36 |       2 |   5.3 |       7 |       1 |  12.5
            +---------+---------+-------+---------+---------+-------
